AoeStats
← Rodion Romanovich Raskolnikov

Arena

510599274Analyzed
1v1 RM · 17h ago on Oct 1, 2026· 42m 38s· 2 players
Game mode
Random Map
Map size
Tiny (2 player)
Population
200
Speed
Normal
Resources
Standard
Victory
Conquest
Starting age
Dark Age
Ending age
Imperial Age
RankedLock teamsTeams togetherTeam positionsShared explorationLock speedFull tech treeHidden civsTurbo modeCheats
Victory
Defeat
🇦🇷 Italians · Argentina
1127
+16
1118
-16
Rodion Romanovich Raskolnikov
10:39 Feudal Age
9:15 Loom
9:27 Loom
11:58 Loom
14:51 Castle Age
12:54 Double-Bit Axe
13:30 Horse Collar
17:04 Bow Saw
17:55 Heavy Plow
21:46 Wheelbarrow
29:48 Imperial Age
28:26 Hand Cart
28:02 Pikeman
30:04 Chemistry
30:36 Town Watch
33:31 Two-Man Saw
33:21 Ballistics
34:31 Town Patrol
35:39 Halberdier
36:30 Forging
36:21 Scale Mail Armor
36:45 Heavy Scorpion
37:50 Fletching
39:24 Iron Casting
38:50 Scale Mail Armor
39:38 Bodkin Arrow
40:49 Masonry
42:11 Siege Engineers
ZY_Heizerd
10:41 Feudal Age
14:17 Castle Age
12:16 Double-Bit Axe
12:12 Horse Collar
19:25 Fletching
23:00 Heavy Plow
24:03 Fervor
24:48 Wheelbarrow
30:41 Imperial Age
29:06 Bloodlines
28:56 Husbandry
29:27 Gold Mining
29:50 Bow Saw
29:04 Crossbowman
29:49 Thumb Ring
30:32 Hand Cart
30:34 Bodkin Arrow
31:02 Scale Mail Armor
32:31 Squires
32:23 Elite Skirmisher
33:05 Town Watch
33:43 Chain Mail Armor
33:39 Forging
35:53 Plate Mail Armor
35:59 Iron Casting
38:12 Chemistry
39:19 Blast Furnace
41:18 Arson
Connection lost

Rejoining the realm…

Still unreachable

The connection could not be restored.

Session expired

The server has moved on; the page needs a fresh start.